 Dungeon Crawl Stone Soup version 0.30-a0-359-gd0147acb1a (webtiles) character file.

Game seed: 5620390582532482627

419 Lobster4 the Shooter (level 7, -12/52 HPs)
             Began as a Human Hunter on Nov 12, 2022.
             Was an Initiate of Hepliaklqana.
             Mangled by an ogre
             ... wielding a +0 giant club
              (24 damage)
             ... on level 4 of the Dungeon.
             The game lasted 00:11:27 (3389 turns).

Lobster4 the Shooter (Human Hunter)                 Turns: 3389, Time: 00:11:27

Health: -12/52     AC:  4    Str: 19    XL:     7   Next: 16%
Magic:  8/8        EV: 13    Int:  9    God:    Hepliaklqana [......]
Gold:   190        SH:  0    Dex: 18    Spells: 6/8 levels left

rFire   . . .      SeeInvis .    a - +0 shortbow
rCold   + . .      Faith    .    (shield currently unavailable)
rNeg    . . .      Spirit   .    q - +1 leather armour of Logexkes {-Cast Str+7}
rPois   .          Reflect  .    (no helmet)
rElec   .          Harm     .    (no cloak)
rCorr   +          Rampage  .    (no gloves)
Will    .....      NoCast   +    (no boots)
Stlth   ++........               (no amulet)
HPRegen 0.28/turn                h - ring of protection from cold
MPRegen 0.11/turn                p - ring of resist corrosion

@: no status effects
A: no striking features
a: Renounce Religion


You were on level 4 of the Dungeon.
You worshipped Hepliaklqana.
Hepliaklqana was noncommittal.
You visited 2 branches of the dungeon, and saw 6 of its levels.

You collected 190 gold pieces.

Inventory:

Hand Weapons
 a - a +0 shortbow (weapon)
 b - a +0 great sword
Missiles
 e - 4 boomerangs
 f - 7 poisoned darts
 r - 5 javelins
Armour
 c - a +1 leather armour
 q - the +1 leather armour of Logexkes (worn) {-Cast Str+7}
   (You found it on level 2 of the Dungeon)

   Str:       It affects your strength (+7).
   -Cast:     It prevents spellcasting.
Jewellery
 h - a ring of protection from cold (left hand)
 p - a ring of resist corrosion (right hand)
Wands
 k - a wand of roots (7)
Scrolls
 d - a scroll of immolation
Potions
 g - a potion of berserk rage {unknown}
 i - 4 potions of curing
 j - a potion of heal wounds {unknown}
 l - a potion of degeneration {unknown}
 o - a potion of resistance


   Skills:
 + Level 3.1 Fighting
 + Level 2.2 Long Blades
 + Level 4.7 Ranged Weapons
 - Level 1.0 Throwing
 + Level 2.2 Armour
 * Level 4.1 Dodging
 - Level 1.0 Stealth
 + Level 1.1 Spellcasting
 + Level 1.4 Translocations
 + Level 0.3 Evocations


You had 6 spell levels left.
You knew the following spells:

 Your Spells              Type           Power      Damage    Failure   Level
a - Blink                 Tloc           6%         N/A       36%         2

Your spell library contained the following spells:

 Spells                   Type           Power      Damage    Failure   Level
 Momentum Strike          Conj/Tloc      2%         3d8       45%         2
 Lesser Beckoning         Tloc           6%         N/A       58%         3
 Kindle Blastsparks       Fire/Tloc/Air  2%         2d10      73%         3
 Dazzling Flash           Conj/Hex       0%         N/A       78%         3
 Iskenderun's Mystic Bla  Conj/Tloc      1%         2d3       97%         4
 Fulminant Prism          Conj/Hex       0%         3d5       99%         4
 Agony                    Necr           0%         N/A       100%        5
 Lee's Rapid Deconstruct  Erth           0%         3d4*      100%        5
 Silence                  Hex/Air        0%         N/A       100%        5


Dungeon Overview and Level Annotations

Branches:
Dungeon (5/15)             Temple (1/1) D:4

Altars:
Ashenzari
Dithmenos
Elyvilon
Gozag
Hepliaklqana
Qazlal
Vehumet
Wu Jian
Zin
The Shining One

Annotations:
D:4 Duvessa


Message History

HP restored.
There is a stone staircase leading down here.
You climb downwards.
There is a stone staircase leading up here.
You shoot an arrow. The arrow hits the gnoll!
The gnoll is severely wounded.
The gnoll hits you with a +0 whip. The gnoll closely misses you.
The ogre barely misses you.
You climb upwards.
Level annotation: Duvessa
There is a stone staircase leading down here.
The gnoll hits you with a +0 whip. The ogre attacks as you move away!
The ogre closely misses you. The gnoll attacks as you move away!
The gnoll misses you.
The gnoll throws a throwing net.
The throwing net hits you.
You become entangled in the net!
You see here a throwing net.
You tear a large gash into the net.
You struggle against the net.
The gnoll hits you with a +0 whip. The ogre hits you with a +0 giant club!
You rip the net and break free!
The gnoll misses you.
The ogre hits you with a +0 giant club!!
The gnoll attacks as you move away! The gnoll hits you with a +0 whip.
The gnoll throws a throwing net.
The throwing net hits you.
You become entangled in the net!
You see here a throwing net.
You tear a large gash into the net.
You struggle against the net.
The gnoll hits you with a +0 whip.
* * * LOW HITPOINT WARNING * * *
The ogre barely misses you.
You rip the net and break free!
The gnoll hits you with a +0 whip.
* * * LOW HITPOINT WARNING * * *
The ogre closely misses you.
You feel better. The gnoll closely misses you.
The gnoll attacks as you move away! The gnoll hits you with a +0 whip.
* * * LOW HITPOINT WARNING * * *
The ogre attacks as you move away! The ogre closely misses you.
The ogre attacks as you move away!
The ogre hits you with a +0 giant club!!
You die...

####### *,,,, #.....#
*,,,, #.....#######
*,,,, #...........#
*,,,, ######...........#
*,,.. #................#
*.... ##.###)..........#
*....
##.###..O.....[..###....
#......@g...>...........
######.....#............
#######........####
#............
##.......###. #.......#
*. #.......###.
#...........
#...........


You could see an ogre and a gnoll.

Vanquished Creatures
  Dowan (D:4)
  A jelly (D:2)
  Jessica (D:3)
  2 iguanas
  2 orc wizards (D:3)
  5 gnolls
  8 adders
  4 worms
  2 dart slugs
  4 orcs
  5 bats
  11 endoplasms
  4 giant cockroaches
  2 goblins
  7 hobgoblins
  4 quokkas
  6 ball pythons
  6 frilled lizards (D:2)
  9 kobolds
  5 rats
89 creatures vanquished.

Notes
Turn   | Place    | Note
-------+----------+-------------------------------------------
     0 | D:1      | Lobster4 the Human Hunter began the quest for the Orb.
     0 | D:1      | Reached XP level 1. HP: 16/16 MP: 1/1
   196 | D:1      | Reached XP level 2. HP: 22/22 MP: 2/2
   388 | D:1      | Reached XP level 3. HP: 27/27 MP: 3/3
   807 | D:2      | Reached skill level 1 in Armour
   879 | D:2      | Reached skill level 1 in Long Blades
   990 | D:2      | Identified the +1 leather armour of Logexkes {-Cast Str+7}
  1006 | D:2      | Found a glowing golden altar of the Shining One.
  1045 | D:2      | Reached XP level 4. HP: 34/34 MP: 4/4
  1469 | D:2      | Reached XP level 5. HP: 39/39 MP: 5/5
  1881 | D:2      | Learned a level 2 spell: Blink
  1956 | D:2      | Reached skill level 1 in Throwing
  1995 | D:3      | Found an ornate altar of the Wu Jian Council.
  2102 | D:3      | You fall into a shaft and drop 1 floor!
  2174 | D:4      | Reached XP level 6. HP: 29/46 MP: 6/6
  2386 | D:3      | Noticed Jessica
  2396 | D:3      | Killed Jessica
  2397 | D:3      | Reached skill level 1 in Translocations
  2952 | D:4      | Found a staircase to the Ecumenical Temple.
  2955 | D:4      | Noticed Duvessa
  2958 | D:4      | Noticed Dowan
  2960 | Temple   | Entered the Ecumenical Temple
  2973 | Temple   | Became a worshipper of Hepliaklqana the Forgotten
  3139 | D:4      | Killed Dowan
  3140 | D:4      | Reached skill level 1 in Spellcasting
  3140 | D:4      | Reached XP level 7. HP: 43/52 MP: 8/8
  3231 | D:5      | Entered Level 5 of the Dungeon
  3389 | D:4      | Mangled by an ogre

Illustrated notes

Levels and vault maps discovered:
D:1:      ncdulo_watergridlock, layout_basic, minmay_misc_feat_ornament,
          roderic_roman_lattice, grunt_decor_cap
D:2:      layout_loops_cross, basic_altar, glass_columns_a, minivault_14,
          st_stairs_14, kennysheep_flooded_box, minmay_lizard_pond
D:3:      layout_rooms, mainiacjoe_overflow_paths, serial_aquarium,
          aquarium_bridge_straight [aquarium_subvault_bridge,
          aquarium_subvault_wall, aquarium_subvault_bridge,
          aquarium_subvault_balcony], aquarium_window_2, aquarium_window_1,
          aquarium_view_2d, aquarium_pool_four, uniq_jessica
D:4:      layout_basic, okawaru_metal_pillars_1_2, minmay_temple_entry_mist,
          kennysheep_boxes, uniq_duvessa
D:5:      layout_rooms, minmay_divided_ellipse
Temple:   nicolae_temple_godpark

Skill      XL: |  1  2  3  4  5  6 |
---------------+-------------------+-----
Armour         | 1 2 |  2.2
Long Blades    | 1 2 |  2.2
Dodging        | 3 4 |  4.1
Throwing       | 1 |  1.0
Fighting       | 3 |  3.1
Translocations | 1 |  1.4
Spellcasting   | 1 |  1.1
Ranged Weapons | |  4.7
Stealth        | |  1.0
Evocations     | |  0.3

Action                   |  1- 3 |  4- 6 |  7- 9 || total
-------------------------+-------+-------+-------++-------
Melee: Shortbow          |       |     2 |       ||     2
 Fire: Shortbow          |    84 |   190 |    20 ||   294
  Use: Scroll            |     1 |     9 |       ||    10
       Potion            |       |     3 |     1 ||     4
Armor: Leather armour    |    10 |    27 |     3 ||    40
Dodge: Dodged            |    23 |    94 |    14 ||   131

Table legend: (Time is in decaauts)
 A = Elapsed time spent in this place.
 B = Non-inter-level travel time spent in this place.
 C = Inter-level travel time spent in this place.
 D = Time resting spent in this place.
 E = Time spent auto-exploring this place.
 F = Levels seen in this place.
 G = Mean time per level.
                   A        B        C        D        E       F      G
               +--------+--------+--------+--------+--------+-----+--------+
         Total |   3473 |   3272 |    201 |    303 |   2148 |   6 |  578.8 |
       Dungeon |   3356 |   3155 |    201 |    303 |   2067 |   5 |  671.2 |
        Temple |    116 |    116 |      0 |      0 |     80 |   1 |  116.0 |
               +--------+--------+--------+--------+--------+-----+--------+

Top non-repeatable levels by time:
     D:2: 1183 daAuts
     D:1: 817 daAuts
     D:3: 782 daAuts
     D:4: 565 daAuts
  Temple: 116 daAuts
     D:5: 8 daAuts
